 Dungeon Crawl Stone Soup version 0.20-a0-3-g334f831 (webtiles) character file.

8556 dobroeutro the Fighter (level 11, 0/71 HPs)
             Began as a Gargoyle Fighter on Oct 30, 2016.
             Was an Elder of Okawaru.
             Killed by divine providence
             ... invoked by an orc priest
              (10 damage)
             ... on level 11 of the Dungeon.
             The game lasted 00:18:03 (10354 turns).

dobroeutro the Fighter (Gargoyle Fighter)          Turns: 10354, Time: 00:18:03

Health: 0/71       AC: 18    Str: 21    XL:     11   Next: 32%
Magic:  11/11      EV: 11    Int: 10    God:    Okawaru [****..]
Gold:   379        SH: 11    Dex: 10    Spells: 0 memorised, 10 levels left

rFire  . . .     SeeInvis .     N - +5 morningstar
rCold  + . .     Gourm    .     b - +0 scale mail
rNeg   + . .     Faith    .     c - +0 shield
rPois  ∞         Spirit   .     (helmet restricted)
rElec  +         Reflect  .     K - +0 cloak
rCorr  .         Harm     .     r - +0 pair of gloves
MR     +....                    (no boots)
Stlth  ..........               (no amulet)
                                x - ring of protection from cold
                                o - ring of protection from magic

@: no status effects
A: horns 1, talons 1, blurry vision 1, negative energy resistance 1, electricity
resistance, unbreathing, petrification resistance, rot immunity, AC +7
a: Heroism, Renounce Religion


You were on level 11 of the Dungeon.
You worshipped Okawaru.
Okawaru was greatly pleased with you.
You were not hungry.

You visited 2 branches of the dungeon, and saw 12 of its levels.
You also visited: Sewer.

You collected 719 gold pieces.
You spent 340 gold pieces at shops.

Inventory:

Hand Weapons
 N - a +5 morningstar (weapon)
Armour
 b - a +0 scale mail (worn)
 c - a +0 shield (worn)
 r - a +0 pair of gloves (worn)
 s - a +1 helmet
 D - a +0 large shield
 K - a +0 cloak (worn)
Jewellery
 o - a ring of protection from magic (left hand)
 x - a ring of protection from cold (right hand)
 A - an uncursed ring of flight
 Z - an uncursed ring of ice
Wands
 I - a wand of digging (4/24)
 J - a wand of heal wounds (5/9)
Scrolls
 a - 3 scrolls of teleportation
 g - 5 scrolls of remove curse
 h - 3 scrolls of blinking
 p - 7 scrolls of identify
 v - a scroll of brand weapon
 C - 2 scrolls of fog
 G - a scroll of recharging
 H - 3 scrolls of magic mapping
 O - 2 scrolls of amnesia
 U - a scroll of enchant armour
 V - a scroll of noise {unknown}
 W - a scroll of silence {unknown}
 X - a scroll of random uselessness {unknown}
Potions
 d - 3 potions of might
 e - 4 potions of flight
 i - a potion of invisibility {unknown}
 j - 5 potions of curing
 k - a potion of ambrosia {unknown}
 m - 2 potions of agility {unknown}
 t - 3 potions of lignification {unknown}
 u - a potion of cure mutation {unknown}
 w - 3 potions of haste {unknown}
 z - a potion of brilliance {unknown}
 F - a potion of heal wounds {unknown}
 Q - a potion of degeneration {unknown}
Books
 E - a book of Callings

   Spells                             Type                      Level
   a - Summon Small Mammal            Summoning                    1
   b - Call Imp                       Summoning                    2
   c - Call Canine Familiar           Summoning                    3
   d - Summon Guardian Golem          Hexes/Summoning              3
   e - Summon Lightning Spire         Summoning/Air                4
   f - Summon Ice Beast               Ice/Summoning                4
 S - a book of Air

   Spells                             Type                      Level
   a - Shock                          Conjuration/Air              1
   b - Swiftness                      Charms/Air                   2
   c - Repel Missiles                 Charms/Air                   2
   d - Static Discharge               Conjuration/Air              3
   e - Lightning Bolt                 Conjuration/Air              5
Comestibles
 f - 8 bread rations
 l - 7 meat rations
 n - 6 fruits
 q - a royal jelly
 B - a slice of pizza
 M - 2 beef jerkies


   Skills:
 + Level 9.4 Fighting
 + Level 8.4 Maces & Flails
 + Level 9.4 Armour
 + Level 6.7 Dodging
 - Level 7.6 Shields


You had 10 spell levels left.
You didn't know any spells.

Dungeon Overview and Level Annotations

Branches:
Dungeon (11/15)            Temple (1/1) D:7             Orc (0/2) D:9
   Lair: D:8-11

Altars:
Ashenzari
Cheibriados
Dithmenos
Elyvilon
Fedhas
Hepliaklqana
Kikubaaqudgha
Makhleb
Nemelex Xobeh
Okawaru
Qazlal
Trog
Uskayaw
Xom
The Shining One

Shops:
D:4 %   D:11 ?


Innate Abilities, Weirdness & Mutations

You are resistant to torment.
Your stone body is resilient. (AC +7)
You are immune to poison.
You resist negative energy. (rN+)
You are resistant to electric shocks. (rElec)
You can survive without breathing.
You are immune to petrification.
You are immune to rotting.
You have a pair of small horns on your head.
You have sharp toenails.
Scrolls take you a little longer to read.


Message History

Beogh smites you!
* * * LOW HITPOINT WARNING * * *
The orc priest looks encouraged for a moment.
The orc priest calls down the wrath of Beogh upon you.
Beogh smites you!
* * * LOW HITPOINT WARNING * * *
There is an open door here.
There is an open door here.
You close the door.
Something unseen opens the door.
The orc priest begins to cast a cantrip, but forgets the words!
The orc priest calls down the wrath of Beogh upon you.
Beogh smites you!
* * * LOW HITPOINT WARNING * * *
It was a potion of curing.
You feel better.
The orc priest invokes the aid of Beogh against you.
You easily resist.
The orc priest invokes the aid of Beogh against you.
Beogh smites you!
You die...

#......#######
#............#
#....o.......# ##########
#.......o....# #.........
#..###.......# #..#......
#..# #..oo...# #..#......
#..# #.......# #..#......
#..###.....o.# #..#......
#..........@.+ #.....l...
#............# #......<.#
#............######..#####.#
#....................# #.'
#......####'#........# #.#
#......#....#........#####.#
#......#....#..............#
#.##...#....+......##+######
#......#....#.####.#.......#


You could see an orc warrior, 2 orc priests and 2 orcs.

Vanquished Creatures
  The ghost of junb69 the Cleaver, a novice MiGl of Okawaru (D:10)
  A hill giant (D:10)
  An ugly thing (D:11)
  The ghost of dobroeutro the Cudgeler, a novice GrFi (D:6)
  Joseph (D:9)
  A komodo dragon (D:11)
  Grinder (D:6)
  Prince Ribbit (D:8)
  A hippogriff (D:7)
  A vampire (D:11)
  A spriggan (D:10)
  A wyvern (D:9)
  Sigmund (D:6)
  Menkaure (D:5)
  Duvessa (D:4)
  Purgy (Sewer)
  4 orc warriors
  An ice beast (D:9)
  A necrophage (D:5)
  4 sky beasts
  2 black bears
  A phantom (D:8)
  4 centaurs
  3 ogres
  4 bullfrogs
  Dowan (D:4)
  A wyvern zombie (D:6)
  A water moccasin zombie (D:5)
  A water moccasin skeleton (D:6)
  2 scorpions
  9 wights
  2 howler monkeys (D:9)
  6 crimson imps
  3 bullfrog zombies
  3 hounds
  A quasit (D:10)
  4 bullfrog skeletons
  3 orc priests
  3 jellies
  10 orc wizards
  3 centaur skeletons
  5 iguanas
  10 worker ants
  A worker ant zombie (D:9)
  13 gnolls
  11 adders
  A river rat (D:4)
  2 shadow imps
  2 oozes
  2 adder skeletons (D:9)
  8 worms
  3 dart slugs
  6 leopard geckos
  27 orcs
  A ball python (D:4)
  12 bats
  6 giant cockroaches
  4 goblins
  6 hobgoblins
  19 jackals
  8 kobolds
  4 quokkas
  7 frilled lizards
  A jackal skeleton (D:8)
  2 leopard gecko skeletons
  12 rats
266 creatures vanquished.

Notes
Turn   | Place    | Note
-------+----------+-------------------------------------------
     0 | D:1      | dobroeutro the Gargoyle Fighter began the quest for the Orb.
     0 | D:1      | Reached XP level 1. HP: 14/14 MP: 1/1
   147 | D:1      | Reached XP level 2. HP: 19/19 MP: 2/2
   444 | D:1      | Reached XP level 3. HP: 11/23 MP: 3/3
  1095 | D:2      | Found an ancient bone altar of Kikubaaqudgha.
  1198 | D:2      | Reached skill level 1 in Dodging
  1198 | D:2      | Reached XP level 4. HP: 28/28 MP: 4/4
  1782 | D:3      | Reached XP level 5. HP: 23/33 MP: 5/5
  2381 | D:4      | Reached XP level 6. HP: 34/39 MP: 6/6
  2400 | D:4      | Noticed Duvessa
  2405 | D:4      | Noticed Dowan
  2432 | D:4      | Killed Duvessa
  2441 | D:4      | Killed Dowan
  2441 | D:4      | Reached XP level 7. HP: 13/44 MP: 7/7
  2480 | D:4      | Found Weannuh's Food Emporium.
  2488 | D:4      | Reached skill level 5 in Fighting
  2549 | D:4      | Found a snail-covered altar of Cheibriados.
  2919 | D:4      | Found a glowing drain.
  2930 | Sewer    | Entered a sewer
  2967 | Sewer    | Noticed Purgy
  2982 | Sewer    | Killed Purgy
  2982 | Sewer    | Reached skill level 5 in Armour
  2982 | Sewer    | Reached skill level 5 in Shields
  3247 | D:5      | Entered Level 5 of the Dungeon
  3265 | D:5      | Found a burning altar of Makhleb.
  3285 | D:5      | Noticed Menkaure
  3322 | D:5      | Found a hazy altar of Hepliaklqana.
  3427 | D:5      | Killed Menkaure
  3427 | D:5      | Reached XP level 8. HP: 18/50 MP: 8/8
  3744 | D:5      | Found a hide-covered altar of Uskayaw.
  4066 | D:6      | Noticed dobroeutro's ghost (novice GrFi)
  4466 | D:6      | Noticed Sigmund
  4468 | D:6      | Noticed Grinder
  4502 | D:7      | Reached skill level 5 in Maces & Flails
  4554 | D:7      | Found a staircase to the Ecumenical Temple.
  4562 | Temple   | Entered the Ecumenical Temple
  4597 | Temple   | Became a worshipper of Warmaster Okawaru
  4835 | D:6      | Killed Sigmund
  4835 | D:6      | Reached XP level 9. HP: 32/56 MP: 9/9
  4894 | D:6      | Paralysed by Grinder for 5 turns
  4907 | D:6      | Killed Grinder
  5365 | D:6      | Reached * piety under Okawaru
  5461 | D:6      | Killed dobroeutro's ghost
  5765 | D:6      | Gained mutation: You are frail. (-10% HP) [mutagenic meat]
  5766 | D:6      | Gained mutation: You have sharp toenails. [mutagenic meat]
  5767 | D:6      | Gained mutation: Scrolls take you a little longer to read. [mutagenic meat]
  5769 | D:6      | Lost mutation: You are frail. (-10% HP) [mutagenic meat]
  5770 | D:6      | Gained mutation: You have a pair of small horns on your head. [mutagenic meat]
  5898 | D:7      | Reached ** piety under Okawaru
  6183 | D:7      | Reached XP level 10. HP: 61/63 MP: 10/10
  6593 | D:8      | Reached skill level 5 in Dodging
  7014 | D:8      | Found a blossoming altar of Fedhas.
  7260 | D:9      | Noticed Joseph
  7288 | D:9      | Killed Joseph
  7288 | D:9      | Reached *** piety under Okawaru
  7332 | D:9      | Noticed Prince Ribbit
  8163 | D:8      | Killed Prince Ribbit
  8202 | D:9      | Reached **** piety under Okawaru
  8395 | D:9      | Found a staircase to the Orcish Mines.
  8675 | D:10     | Entered Level 10 of the Dungeon
  8750 | D:10     | Noticed junb69's ghost (novice MiGl)
  9164 | D:10     | Noticed a hill giant
  9174 | D:10     | Killed a hill giant
  9174 | D:10     | Reached XP level 11. HP: 69/71 MP: 11/11
  9381 | D:10     | Killed junb69's ghost
  9821 | D:11     | Found a white marble altar of Elyvilon.
  9844 | D:11     | Noticed a white ugly thing
  9869 | D:11     | Killed a white ugly thing
 10180 | D:11     | Found Boplittu's Magic Scroll Shoppe.
 10188 | D:11     | Bought a scroll of brand weapon for 340 gold pieces
 10338 | D:11     | HP: 2/71 [orc priest/divine providence (12)]
 10354 | D:11     | Killed from afar by an orc priest

Vault maps used:
D:1:      minmay_arrival_five_plusses
D:2:      kiku_gazebo_pond_becter
D:3:      kennysheep_big_flooded_room, hangedman_feature_mirror
D:4:      overflow_temple_1_default, serial_shops, shop, first_bread,
          gup_sewer_entry_bubbles, st_stairs_8, item_on_display_a, uniq_duvessa
D:5:      bloody_makhleb, overflow_temple_1_default, lemuel_doored_altar,
          uniq_menkaure
D:6:      uniq_grinder, uniq_sigmund
D:8:      kennysheep_mini_moat, serial_glass, glass_columns_a, glass_columns_a
D:9:      david_orc_2, uniq_joseph, uniq_prince_ribbit1
D:10:     the_bakery
D:11:     lair_0_dummy, serial_shops, shop, elyvilon_altar_5
Temple:   regret_index_temple_waves
Sewer:    sewer_big_baddie

Skill      XL: |  1  2  3  4  5  6  7  8  9 10 |
---------------+-------------------------------+-----
Dodging        | 1 2 3 4 6 |  6.7
Shields        | 4 5 6 7 |  7.6
Armour         | 4 5 6 7 9 |  9.4
Fighting       | 4 5 6 7 9 |  9.4
Maces & Flails | 3 4 5 6 8 |  8.4

Action                   |  1- 3 |  4- 6 |  7- 9 | 10-12 || total
-------------------------+-------+-------+-------+-------++-------
Melee: Flail             |   164 |   252 |   433 |       ||   849
       Morningstar       |       |       |    62 |   388 ||   450
       Kick              |       |       |    13 |   107 ||   120
       Headbutt          |       |       |     8 |    63 ||    71
Invok: Heroism           |       |       |     3 |     3 ||     6
  Use: Scroll            |       |     7 |     5 |     3 ||    15
       Potion            |       |     1 |       |     1 ||     2
  Eat: Chunk             |     1 |     4 |    15 |    10 ||    30
       Bread ration      |       |       |     1 |     1 ||     2
Armor: Scale mail        |    89 |   183 |   297 |   169 ||   738
Dodge: Dodged            |    61 |   108 |   191 |   143 ||   503
Block: Shield            |    86 |   156 |   268 |   233 ||   743
